 Dungeon Crawl Stone Soup version 0.28-a0-1629-gf728b707aa (webtiles) character file.

Game seed: 7050549870733381734

212 hashsling the Covered (level 6, -1/47 HPs)
             Began as a Human Wanderer on Jan 24, 2022.
             Was an Initiate of the Shining One.
             Slain by an ogre (7 damage)
             ... on level 3 of the Dungeon.
             The game lasted 00:05:35 (3432 turns).

hashsling the Covered (Human Wanderer)              Turns: 3432, Time: 00:05:36

Health: -1/47      AC: 10    Str: 11    XL:     6   Next: 13%
Magic:  7/7        EV: 10    Int: 12    God:    the Shining One [......]
Gold:   104        SH:  0    Dex: 22    Spells: 3/7 levels left

rFire   . . .      SeeInvis .   i - +0 quarterstaff
rCold   . . .      Faith    .   (shield currently unavailable)
rNeg    . . .      Spirit   .   c - +2 scale mail
rPois   .          Reflect  .   (no helmet)
rElec   .          Harm     .   m - +0 cloak
rCorr   .          Rampage  .   (no gloves)
Will    .....                   (no boots)
Stlth   ..........              (no amulet)
HPRegen 0.15/turn               d - +6 ring of dexterity
MPRegen 0.10/turn               (no ring)

@: glowing
A: no striking features
a: Renounce Religion


You were on level 3 of the Dungeon.
You worshipped the Shining One.
The Shining One was noncommittal.
You visited 1 branch of the dungeon, and saw 4 of its levels.

You collected 104 gold pieces.

Inventory:

Hand Weapons
 g - a +0 mace
 i - a +0 quarterstaff (weapon)
 o - a +0 scimitar
Missiles
 f - 3 poisoned darts
Armour
 c - a +2 scale mail (worn)
 m - a +0 cloak (worn)
Jewellery
 d - a +6 ring of dexterity (left hand)
Scrolls
 a - 6 scrolls of immolation {unknown}
 e - a scroll of teleportation {unknown}
 h - a scroll of amnesia {unknown}
 j - a scroll of silence {unknown}
 k - a scroll of enchant armour {unknown}
 l - 2 scrolls of identify {unknown}
 p - a scroll of blinking {unknown}
 q - a scroll of magic mapping {unknown}
Potions
 b - 2 potions of curing
 n - a potion of lignification {unknown}
 r - a potion of magic {unknown}


   Skills:
 * Level 3.3 Fighting
 - Level 1.0 Throwing
 - Level 4.0 Armour
 + Level 2.5 Dodging
 - Level 1.0 Spellcasting
 * Level 4.0 Summonings
 - Level 1.0 Evocations


You had 3 spell levels left.
You knew the following spells:

 Your Spells              Type           Power      Damage    Failure   Level
a - Summon Small Mammal   Summ           40%        N/A       30%         1
b - Call Canine Familiar  Summ           10%        N/A       67%         3

Your spell library contained the following spells:

 Spells                   Type           Power      Damage    Failure   Level
 Animate Skeleton         Necr           0%         N/A       85%         1
 Pain                     Necr           0%         1d4       85%         1
 Vampiric Draining        Necr           0%         2d6       99%         3


Dungeon Overview and Level Annotations

Branches:
Dungeon (4/15)
 Temple: D:4-7

Altars:
Xom
The Shining One


Message History

HP restored.
Done exploring.
You see here a ball python corpse.
There is a stone staircase leading down here.
You can't go up here!
You climb downwards.
The jelly hits you but does no damage. The hound barely misses you.
The black bear bites you!
The black bear claws you but does no damage.
The black bear claws you. The goblin barely misses you.
The jelly hits you but does no damage. The hound bites you but does no damage.
The black bear bites you but does no damage.
The black bear claws you but does no damage.
The black bear claws you.
There is a stone staircase leading up, spattered with blood here.
The goblin hits you but does no damage. The hound bites you but does no damage.
The ogre hits you with a +0 giant spiked club!
The jelly hits you but does no damage.
The black bear bites you but does no damage.
The black bear claws you. The black bear closely misses you.
You climb upwards.
There is a stone staircase leading down here.
You hit the goblin.
You kill the goblin!
The hound closely misses you. The hound bites you but does no damage.
The jelly hits you but does no damage.
The ogre hits you with a +0 giant spiked club!
* * * LOW HITPOINT WARNING * * *
The black bear bites you but does no damage.
The black bear claws you but does no damage.
The black bear barely misses you. The hound closely misses you.
The jelly hits you but does no damage. The black bear closely misses you. x2
The black bear claws you but does no damage.
The hound bites you but does no damage. The ogre barely misses you.
You see here a +0 dagger.
The jelly hits you but does no damage. The hound bites you but does no damage.
The hound bites you but does no damage.
The ogre hits you with a +0 giant spiked club!
You die...

.......##.....#..................
.......##........................
........................######...
..........................#...###
....####..................#...#
....####..................#...###
.......................####..[...
.............#....h....# #....##
.............#..@OJ..)>####...##.
.............#.(.h.....##...#'#..
.............#.[.......##.......≈
...#..........##.......##.....#..
...#.......<#'##...###†.......##.
..........###..#######.†.......##
........####....##..##...........
......######....'....#.......###.
......###..##..##....#.......###.


You could see a black bear, an ogre, a hound and a jelly.

Vanquished Creatures
  A scorpion (D:3)
  3 gnolls (D:2)
  7 adders
  A dart slug (D:3)
  6 bats
  4 endoplasms
  2 giant cockroaches (D:3)
  8 goblins
  6 hobgoblins
  3 jackals (D:1)
  2 quokkas (D:3)
  8 ball pythons
  A ball python skeleton (D:3)
  2 frilled lizards
  4 kobolds
  2 rats
60 creatures vanquished.

Notes
Turn   | Place    | Note
-------+----------+-------------------------------------------
     0 | D:1      | hashsling the Human Wanderer began the quest for the Orb.
     0 | D:1      | hashsling set off with the following items: a +0 dagger, a
                  | potion of curing, a +2 scale mail; and the following spell
                  | memorised: Summon Small Mammal; and the following spells
                  | available to memorise: Call Canine Familiar
     0 | D:1      | Reached XP level 1. HP: 13/13 MP: 2/2
   281 | D:1      | Reached XP level 2. HP: 14/20 MP: 0/3
   285 | D:1      | Reached skill level 1 in Fighting
   767 | D:1      | Reached XP level 3. HP: 26/26 MP: 4/4
  1229 | D:2      | Reached XP level 4. HP: 9/33 MP: 2/5
  1233 | D:2      | Learned a level 3 spell: Call Canine Familiar
  2207 | D:3      | Reached XP level 5. HP: 20/39 MP: 6/6
  2537 | D:3      | Reached XP level 6. HP: 24/47 MP: 7/7
  3111 | D:3      | Found a glowing golden altar of the Shining One.
  3358 | D:3      | Became a worshipper of the Shining One
  3390 | D:4      | Noticed an ogre
  3391 | D:4      | Found a shimmering altar of Xom.
  3391 | D:4      | Noticed a black bear
  3432 | D:3      | Slain by an ogre

Illustrated notes

Levels and vault maps discovered:
D:1:      wander_arrival_desolate, layout_basic
D:2:      layout_basic
D:3:      minmay_bubble_buster, layout_basic, tso_altar, minmay_misc_feat_chi,
          amcnicky_mini_pool_small
D:4:      layout_cave_pools, zin_angel, xom_confusion_cloud,
          minmay_misc_feat_four_crosses

Skill      XL: |  1  2  3  4  5  6 |
---------------+-------------------+-----
Fighting       | 1 2 3 |  3.3
Summonings     | 3 4 |  4.0
Dodging        | 2 |  2.5
Throwing       | |  1.0
Armour         | |  4.0
Spellcasting   | |  1.0
Evocations     | |  1.0

Action                   |  1- 3 |  4- 6 || total
-------------------------+-------+-------++-------
Melee: Dagger            |    60 |       ||    60
       Punch             |     1 |       ||     1
       Mace              |    44 |     8 ||    52
       Quarterstaff      |       |   113 ||   113
 Cast: Summon Small Mamm |     3 |       ||     3
Armor: Scale mail        |    77 |    93 ||   170
Dodge: Dodged            |    66 |    95 ||   161

Table legend: (Time is in decaauts)
 A = Elapsed time spent in this place.
 B = Non-inter-level travel time spent in this place.
 C = Inter-level travel time spent in this place.
 D = Time resting spent in this place.
 E = Time spent auto-exploring this place.
 F = Levels seen in this place.
 G = Mean time per level.
                   A        B        C        D        E       F      G
               +--------+--------+--------+--------+--------+-----+--------+
         Total |   3486 |   3323 |    163 |      0 |   2768 |   4 |  871.5 |
       Dungeon |   3486 |   3323 |    163 |      0 |   2768 |   4 |  871.5 |
               +--------+--------+--------+--------+--------+-----+--------+

Top non-repeatable levels by time:
     D:3: 1453 daAuts
     D:1: 1016 daAuts
     D:2: 1006 daAuts
     D:4: 10 daAuts
